 Dungeon Crawl Stone Soup version 0.28-a0-1555-g9ae15a6949 (webtiles) character file.

Game seed: 16081987170189201021

17 Pin the Chopper (level 2, 26/26 HPs)
             Began as a Hill Orc Monk on Jan 19, 2022.
             Was a Believer of Nemelex Xobeh.
             Quit the game on level 1 of the Dungeon.
             The game lasted 00:01:11 (951 turns).

Pin the Chopper (Hill Orc Monk)                      Turns: 951, Time: 00:01:12

Health: 26/26      AC:  5    Str: 13    XL:     2   Next: 62%
Magic:  2/2        EV: 11    Int: 10    God:    Nemelex Xobeh [**....]
Gold:   8          SH:  0    Dex: 13    Spells: 1/1 levels left

rFire   . . .      SeeInvis .   a - +0 hand axe
rCold   . . .      Faith    .   (no shield)
rNeg    . . .      Spirit   .   f - +0 ring mail
rPois   .          Reflect  .   (no helmet)
rElec   .          Harm     .   (no cloak)
rCorr   .          Rampage  .   (no gloves)
Will    .....                   (no boots)
Stlth   +.........              (no amulet)
HPRegen 0.08/turn               (no ring)
MPRegen 0.08/turn               (no ring)

@: no status effects
A: no striking features
a: Renounce Religion, Draw Escape, Draw Destruction, Draw Summoning


You were on level 1 of the Dungeon.
You worshipped Nemelex Xobeh.
Nemelex Xobeh was pleased with you.
You visited 1 branch of the dungeon, and saw 2 of its levels.

You collected 8 gold pieces.

Inventory:

Hand Weapons
 a - a +0 hand axe (weapon)
Armour
 f - a +0 ring mail (worn)
Potions
 b - a potion of cancellation {unknown}
 c - a potion of curing {unknown}
 d - a potion of invisibility {unknown}
 e - a potion of heal wounds {unknown}


   Skills:
 - Level 3.6 Fighting
 - Level 4.0 Axes
 + Level 2.4 Armour
 - Level 2.4 Dodging
 - Level 1.5 Stealth


You had one spell level left.
You didn't know any spells.
Your spell library was empty.

Dungeon Overview and Level Annotations

Branches:
Dungeon (2/15)

Altars:
Nemelex Xobeh


Message History

No target in view!
No target in view!
No target in view!
No target in view!
No target in view!
No target in view!
No target in view!
No target in view!
No target in view!
No target in view!
No target in view!
No target in view!
No target in view!
No target in view!
You see here a hobgoblin corpse.
Things that are here:
a +0 club; a goblin corpse
Found a faded altar of an unknown god.
You hit the withered plant.
The withered plant begins to crumble.
The withered plant is lightly damaged.
You hit the demonic plant but do no damage.
The withered plant crumbles away.
You hit the demonic plant.
The demonic plant begins to die.
The demonic plant is lightly damaged.
You hit the withered plant.
The withered plant begins to crumble.
There is a faded altar of an unknown god here.
You cannot tell which god this altar belongs to.
Convert to them anyway?
Nemelex Xobeh accepts your prayer! Nemelex Xobeh welcomes you!
Nemelex will now gift you decks of power as you gain piety.
Nemelex Xobeh deals you some cards!
You now have 3 escape cards, 5 destruction cards and 1 summoning card.
You can now draw from decks of power.
Nemelex Xobeh deals you some cards!
You now have 5 escape cards, 9 destruction cards and 4 summoning cards.
The withered plant crumbles away.
A nearby demonic plant withers and dies.
Unknown command.
Press < or > to pray at altars.
Are you sure you want to abandon this character and quit the game? (Confirm with "yes".)

### ## ..#########.# ##
###P...#.PP.###.#
P...PP.#.......# ##
P....PP#.......##.#
...P...#....P...P#
P.P....@........P#
.PP....#....P..P.######
..P....#....P..##.....#
#
P..P...#.P..P..#......#
.
###....#P..P###.......#
.
..#########.........)##
. ###... .....#....†..
.######<######
######.....##
.#...........# #.....##


There were no monsters in sight!

Vanquished Creatures
  2 dart slugs (D:1)
  A ball python (D:1)
  An endoplasm (D:1)
  3 goblins (D:1)
  2 hobgoblins (D:1)
  A bat (D:1)
  2 kobolds (D:1)
12 creatures vanquished.

Vanquished Creatures (others)
  A demonic plant (D:1)
  2 withered plants (D:1)
3 creatures vanquished.

Grand Total: 15 creatures vanquished

Notes
Turn   | Place    | Note
-------+----------+-------------------------------------------
     0 | D:1      | Pin the Hill Orc Monk began the quest for the Orb.
     0 | D:1      | Reached XP level 1. HP: 19/19 MP: 1/1
     8 | D:1      | You fall into a shaft and drop 1 floor!
   188 | D:1      | Reached skill level 1 in Armour
   746 | D:1      | Reached XP level 2. HP: 26/26 MP: 2/2
   940 | D:1      | Found a faded altar of an unknown god.
   950 | D:1      | Prayed at the altar of an unknown god.
   950 | D:1      | Became a worshipper of Nemelex Xobeh the Trickster
   950 | D:1      | Reached * piety under Nemelex Xobeh
   950 | D:1      | Received a gift from Nemelex Xobeh
   950 | D:1      | Reached ** piety under Nemelex Xobeh
   950 | D:1      | Received a gift from Nemelex Xobeh
   951 | D:1      | Quit the game

Illustrated notes

Levels and vault maps discovered:
D:1:      minmay_arrival_three_doors, layout_rooms,
          shapermc_ecumenical_altar_gd, chequers_serial_rivers_small_b,
          minmay_shallow_snake_nest
D:2:      layout_rooms, basic_altar, serial_shops, shop, interstate_on_off

Skill      XL: |  1  2 |
---------------+-------+-----
Armour         | 1 2 |  2.4
Fighting       | |  3.6
Axes           | |  4.0
Dodging        | |  2.4
Stealth        | |  1.5

Action                   || total
-------------------------++-------
Melee: Hand axe          ||    42
Armor: Leather armour    ||    14
       Ring mail         ||     2
Dodge: Dodged            ||    26

Table legend: (Time is in decaauts)
 A = Elapsed time spent in this place.
 B = Non-inter-level travel time spent in this place.
 C = Inter-level travel time spent in this place.
 D = Time resting spent in this place.
 E = Time spent auto-exploring this place.
 F = Levels seen in this place.
 G = Mean time per level.
                   A        B        C        D        E       F      G
               +--------+--------+--------+--------+--------+-----+--------+
         Total |    955 |    955 |      0 |    483 |    313 |   2 |  477.5 |
       Dungeon |    955 |    955 |      0 |    483 |    313 |   2 |  477.5 |
               +--------+--------+--------+--------+--------+-----+--------+

Top non-repeatable levels by time:
     D:1: 899 daAuts
     D:2: 55 daAuts
